 Dungeon Crawl Stone Soup version 0.30.1-11-g7821555f0a (webtiles) character file.

Game seed: 13556477349037790153

1551 Kallu the Digger (level 8, -5/69 HPs)
             Began as a Yellow Draconian Earth Elementalist on Jan 3, 2024.
             Slain by a boulder beetle (18 damage)
             ... on level 6 of the Dungeon.
             The game lasted 00:11:24 (5247 turns).

Kallu the Digger (DrEE)                             Turns: 5247, Time: 00:11:25

Health: -5/69      AC:  6    Str: 11    XL:     8   Next: 57%
Magic:  12/15      EV: 13    Int: 18    God:
Gold:   398        SH:  0    Dex: 11    Spells: 13/17 levels left

rFire   . . .        a - +2 dagger (speed)
rCold   . . .        (no shield)
rNeg    . . .        (body armour unavailable)
rPois   .            (helmet restricted)
rElec   .            (no cloak)
rCorr   +            (no gloves)
SInv    .            (no boots)
Will    .....        (no amulet)
Stlth   ++           (no ring)
HPRegen 0.31/turn    (no ring)
MPRegen 0.14/turn

%: no passive effects
@: short of breath
A: spit acid, AC +6, unfitting armour, cold-blooded, acid resistance
a: Breathe Acid


You were on level 6 of the Dungeon.
You visited 2 branches of the dungeon, and saw 7 of its levels.

You collected 398 gold pieces.

Inventory:

Hand Weapons
 a - a +2 dagger of speed (weapon)
Jewellery
 l - an amulet of faith
 s - a ring of willpower
Wands
 c - a wand of digging (3)
 m - a wand of polymorph (7)
 n - a wand of iceblast (7)
 A - a wand of mindburst (7)
Scrolls
 b - 2 scrolls of immolation {unknown}
 d - 7 scrolls of identify {unknown}
 f - a scroll of acquirement {unknown}
 i - a scroll of blinking {unknown}
 j - a scroll of butterflies {unknown}
 r - a scroll of enchant weapon {unknown}
 t - 2 scrolls of magic mapping
 u - a scroll of teleportation {unknown}
 v - a scroll of vulnerability {unknown}
 y - a scroll of silence {unknown}
Potions
 e - 3 potions of resistance {unknown}
 g - 2 potions of heal wounds {unknown}
 h - 6 potions of curing
 k - a potion of degeneration {unknown}
 o - a potion of ambrosia {unknown}
 p - 3 potions of attraction {unknown}
 q - a potion of lignification {unknown}
 z - a potion of might {unknown}


   Skills:
 + Level 5.4 Fighting
 - Level 4.0 Dodging
 - Level 1.7 Stealth
 - Level 5.0 Spellcasting
 - Level 2.0 Conjurations
 - Level 1.0 Transmutations
 - Level 7.2 Earth Magic


You had 13 spell levels left.
You knew the following spells:

 Your Spells              Type           Power      Damage    Failure   Level
a - Sandblast             Erth           60%        2d14      1%          1
b - Stone Arrow           Conj/Erth      42%        3d9       6%          3

Your spell library contained the following spells:

 Spells                   Type           Power      Damage    Failure   Level
 Passwall                 Tmut/Erth      15%        N/A       3%          2
 Sting                    Tmut/Pois      24%        1d4       11%         1
 Lesser Beckoning         Tloc           8%         N/A       21%         2
 Poisonous Vapours        Pois/Air       8%         N/A       21%         2
 Petrify                  Tmut/Erth      19%        N/A       24%         4
 Mephitic Cloud           Conj/Pois/Air  6%         N/A       30%         3
 Gell's Gravitas          Tloc           4%         N/A       36%         3
 Teleport Other           Tloc           4%         N/A       36%         3
 Olgreb's Toxic Radiance  Pois           4%         N/A       78%         4
 Freezing Cloud           Conj/Ice/Air   3%         6-21      96%         5


Dungeon Overview and Level Annotations

Branches:
Dungeon (6/15)             Temple (1/1) D:6

Altars:
Ashenzari
Cheibriados
Fedhas
Gozag
Makhleb
Nemelex Xobeh
Okawaru
Ru
Sif Muna
Vehumet
Wu Jian
Xom
Yredelemnul
Zin
The Shining One

Annotations:
D:3 3 runed translucent doors, Kallu's ghost, amateur HOFi


Innate Abilities, Weirdness & Mutations

You can spit globs of acid.
Your golden yellow scales are hard. (AC +6)
You cannot fit into any form of body armour.
You are cold-blooded and may be slowed by cold attacks.
You are resistant to acid. (rCorr)


Message History

The boulder beetle closely misses you.
The boulder beetle stops rolling and uncurls.
You have got your breath back.
The boulder beetle barely misses you.
The boulder beetle curls into a ball and begins rolling!
The boulder beetle hits you!
The boulder beetle stops rolling and uncurls.
There is a stone staircase leading up here.
Press: ? - help, Shift-Dir - straight line, f/p - boulder beetle
Aim: a boulder beetle (moderately wounded, 100% to hit)
You spit a glob of acid.
The glob of acid hits the boulder beetle!
The boulder beetle is heavily wounded.
The boulder beetle bites you!
Unknown command.
Aiming: Iceblast
Press: ? - help, Shift-Dir - straight line, p - boulder beetle The mass of ice explodes!
The iceblast engulfs the boulder beetle.
The boulder beetle is heavily wounded.
The boulder beetle closely misses you.
Aiming: Mindburst
Press: ? - help, Shift-Dir - straight line, f - boulder beetle
Aim: a boulder beetle (heavily wounded, chance to affect: 47%)
The boulder beetle resists with some effort.
The boulder beetle bites you!
* * * LOW HITPOINT WARNING * * *
Unknown command.
Okay, then.
As you read the scroll of fear, it crumbles to dust.
You assume a fearsome visage.
The boulder beetle easily resists.
The boulder beetle bites you.
* * * LOW HITPOINT WARNING * * *
Unknown command.
As you read the scroll labelled VUEDA ZERHENNOA, it crumbles to dust.
It is a scroll of amnesia.
Really abort (and waste the scroll)?
Okay, then.
The boulder beetle bites you!!
You die...

....###...##................*
.....##...#.)..#########.###*
.............### #.# *####
..............# #.###...##
............#.# #.##.....#
............#.## #.#.......
.....#.........###### ##.#.......
....................###..#.......
................@...............#
.....#..........B................
...#####...#........>..###..<....
......##.............### #.......
......##.......)......## ##.....#
..##.......>........#..## ##...##
#.....##....#.......##..# #####
##.....#............#####**
.........#.#........#**~*,***


You could see a boulder beetle.

Vanquished Creatures
  Grinder (D:3)
  A wraith (D:6)
  Menkaure (D:5)
  2 ice beasts (D:6)
  2 phantoms
  A scorpion (D:5)
  3 bullfrogs
  A hound (D:5)
  3 orc priests (D:6)
  A sleepcap (D:6)
  Ijyb (D:3)
  An iguana (D:6)
  Natasha (thrice) (D:3)
  3 orc wizards
  Robin (D:2)
  6 adders
  4 dart slugs
  12 orcs
  8 endoplasms
  3 giant cockroaches
  18 goblins
  10 hobgoblins
  8 kobolds
  3 quokkas
  10 ball pythons
  3 bats
  8 frilled lizards
  8 rats
126 creatures vanquished.

Notes
Turn   | Place    | Note
-------+----------+-------------------------------------------
     0 | D:1      | Kallu the Draconian Earth Elementalist began the quest for
                  | the Orb.
     0 | D:1      | Reached XP level 1. HP: 14/14 MP: 3/3
   145 | D:1      | Reached XP level 2. HP: 20/20 MP: 1/5
   303 | D:1      | Reached skill level 4 in Earth Magic
   748 | D:2      | Reached XP level 3. HP: 27/27 MP: 4/6
   750 | D:2      | Reached skill level 1 in Fighting
  1121 | D:2      | Noticed Robin
  1124 | D:2      | Killed Robin
  1278 | D:2      | Reached XP level 4. HP: 36/36 MP: 4/7
  1516 | D:3      | Noticed Natasha
  1522 | D:3      | Killed Natasha
  1528 | D:3      | Learned a level 3 spell: Stone Arrow
  1786 | D:3      | Noticed Ijyb
  1895 | D:3      | Noticed Natasha
  1899 | D:3      | Killed Natasha
  1900 | D:3      | Reached skill level 1 in Conjurations
  1900 | D:3      | Reached XP level 5. HP: 41/41 MP: 6/9
  1978 | D:3      | Killed Ijyb
  2175 | D:3      | Noticed Grinder
  2178 | D:3      | Paralysed by Grinder for 4 turns
  2195 | D:3      | Killed Grinder
  2196 | D:3      | Reached skill level 6 in Earth Magic
  2196 | D:3      | Reached XP level 6. HP: 40/48 MP: 6/10
  2234 | D:3      | Found a runed translucent gate.
  2235 | D:3      | Found a runed translucent gate.
  2235 | D:3      | Found a runed translucent gate.
  2237 | D:3      | Noticed Kallu's ghost (amateur HOFi)
  2318 | D:3      | Noticed Natasha
  2320 | D:3      | Killed Natasha
  2916 | D:4      | Found a shimmering altar of Xom.
  3166 | D:4      | Reached skill level 7 in Earth Magic
  3166 | D:4      | Your scales start taking on a golden yellow colour.
  3166 | D:4      | Reached XP level 7. HP: 53/55 MP: 7/11
  3166 | D:4      | Gained mutation: You are resistant to acid. (rCorr) [Yellow
                  | Draconian growth]
  3632 | D:5      | Entered Level 5 of the Dungeon
  3652 | D:5      | Noticed Menkaure
  3656 | D:5      | Killed Menkaure
  4381 | D:6      | Reached XP level 8. HP: 61/61 MP: 11/14
  4635 | D:6      | Found a staircase to the Ecumenical Temple.
  4646 | Temple   | Entered the Ecumenical Temple
  4687 | Temple   | Reached skill level 5 in Spellcasting
  4914 | D:6      | Found a glowing silver altar of Zin.
  4949 | D:6      | Reached skill level 5 in Fighting
  5093 | D:6      | Noticed a boulder beetle
  5247 | D:6      | Slain by a boulder beetle

Illustrated notes

Levels and vault maps discovered:
D:1:      minmay_arrival_loop, layout_rooms
D:2:      layout_basic, uniq_robin
D:3:      layout_loops_ring, ebering_ghost_rock_garden, uniq_natasha,
          uniq_grinder, uniq_ijyb
D:4:      layout_basic, mainiacjoe_overflow_boulevard,
          amcnicky_mini_corridor_feature
D:5:      layout_cave_pools, uniq_menkaure
D:6:      layout_rooms, zin_statuary, minmay_temple_entry_drinking_statues,
          ebering_ghost_disaster_area, corexii_hall_statues_l,
          minmay_chambers_of_fives
Temple:   cyrus_circular_temple

Skill      XL: |  1  2  3  4  5  6  7  8 |
---------------+-------------------------+-----
Earth Magic    | 4 6 7 |  7.2
Fighting       | 2 5 |  5.4
Spellcasting   | 3 4 5 |  5.0
Conjurations   | 1 2 |  2.0
Dodging        | 3 4 |  4.0
Stealth        | |  1.7
Transmutations | |  1.0

Action                     |  1- 3 |  4- 6 |  7- 9 || total
---------------------------+-------+-------+-------++-------
  Melee: Dagger            |    74 |    16 |    18 ||   108
         Unarmed           |     1 |       |       ||     1
         Tailslap          |     8 |     1 |     3 ||    12
   Cast: Sandblast         |    38 |    62 |    41 ||   141
         Stone Arrow       |       |     6 |     7 ||    13
Ability: Breathe Acid      |       |       |    13 ||    13
  Evoke: Wand              |       |       |     2 ||     2
    Use: Potion            |       |     1 |     1 ||     2
         Scroll            |       |       |     4 ||     4
   Stab: Sleeping          |     1 |       |       ||     1
 Armour: Skin              |    29 |    16 |    21 ||    66
  Dodge: Dodged            |    61 |    30 |    70 ||   161
